 Dungeon Crawl Stone Soup version 0.23.2 (webtiles) character file.

Game seed: 55282517870328252

112 sagitran the Skirmisher (level 4, -4/35 HPs)
             Began as a Demonspawn Chaos Knight on Mar 31, 2019.
             Was a Plaything of Xom.
             Slain by a bullfrog (8 damage)
             ... on level 2 of the Dungeon.
             The game lasted 00:06:44 (1574 turns).

sagitran the Skirmisher (Demonspawn Chaos Knight)   Turns: 1574, Time: 00:06:45

Health: -4/35      AC:  6    Str: 13    XL:     4   Next: 63%
Magic:  4/4        EV: 11    Int: 13    God:    Xom [..*...]
Gold:   96         SH:  2    Dex: 13    Spells: 3/3 levels left

rFire    . . .     SeeInvis .   a - +0 falchion (chaos)
rCold    . . .     Gourm    .   (no shield)
rNeg     . . .     Faith    .   b - +2 leather armour
rPois    .         Spirit   .   f - +0 helmet
rElec    .         Reflect  +   (no cloak)
rCorr    .         Harm     .   (no gloves)
MR       .....                  (no boots)
Stlth    +.........             d - +2 amulet of reflection
HPRegen  0.11/turn              (no ring)
MPRegen  0.09/turn              (no ring)

@: no status effects
A: claws 1, hooves 2
a: Renounce Religion


You were on level 2 of the Dungeon.
You worshipped Xom.
You were a toy of Xom.
You were not hungry.

You visited 1 branch of the dungeon, and saw 3 of its levels.

You collected 96 gold pieces.

Inventory:

Hand Weapons
 a - a +0 falchion of chaos (weapon)
Armour
 b - a +2 leather armour (worn)
 f - a +0 helmet (worn)
Jewellery
 d - a +2 amulet of reflection (around neck)
Scrolls
 g - a scroll of enchant weapon
Comestibles
 c - 2 rations
 i - a chunk of flesh


   Skills:
 + Level 3.4 Fighting
 + Level 3.4 Long Blades
 + Level 2.2 Armour
 + Level 1.5 Dodging
 + Level 1.4 Stealth
 + Level 1.3 Unarmed Combat


You had 3 spell levels left.
You didn't know any spells.
Your spell library was empty.

Dungeon Overview and Level Annotations

Branches:
Dungeon (3/15)

Altars:


Innate Abilities, Weirdness & Mutations

You have sharp fingernails.
You have hoof-like feet.


Message History

* * * LOW HITPOINT WARNING * * *
The frilled lizard bites you but does no damage.
You climb upwards.
A rat and a bullfrog come into view.
There is a stone staircase leading down here.
You feel better.
The bullfrog gives a loud, deep croak!
The quokka bites you but does no damage.
The frilled lizard barely misses you.
You barely miss the quokka. The quokka closely misses you.
You riposte.
You hit the quokka but do no damage. The frilled lizard bites you.
* * * LOW HITPOINT WARNING * * *
You hit the quokka.
The quokka is poisoned.
You kick the quokka.
The quokka is almost dead.
Xom grants you insight.
You feel aware of your surroundings. The bullfrog hits you.
* * * LOW HITPOINT WARNING * * *
The quokka barely misses you. The bullfrog hits you!
You die...
Xom giggles madly!

###########
#.........# **
****###.........#
,, ,
,......r@....#
**,.......lF...#
*,.......r....#
,............#
,............#
*,............# *
............#
,............# *
**, ,,,, ,


You could see a bullfrog, a quokka, a frilled lizard and a rat.

Vanquished Creatures
  Jessica (D:2)
  2 adders (D:2)
  An ooze (D:1)
  3 dart slugs
  2 leopard geckos (D:1)
  2 bats (D:1)
  A giant cockroach (D:1)
  2 goblins
  9 hobgoblins
  12 jackals (D:1)
  A quokka (D:2)
  A ball python (D:1)
  3 frilled lizards
  3 kobolds (D:1)
  11 rats
54 creatures vanquished.

Notes
Turn   | Place    | Note
-------+----------+-------------------------------------------
     0 | D:1      | sagitran the Demonspawn Chaos Knight began the quest for
                  | the Orb.
     0 | D:1      | Reached XP level 1. HP: 18/18 MP: 1/1
    98 | D:1      | Gained mutation: You have sharp fingernails. [demonic
                  | ancestry]
    98 | D:1      | Reached XP level 2. HP: 8/24 MP: 2/2
   112 | D:1      | Reached skill level 1 in Dodging
   408 | D:1      | XOM: noise
   480 | D:1      | XOM: enchant monster (good)
   489 | D:1      | Reached XP level 3. HP: 19/29 MP: 3/3
   504 | D:1      | XOM: confusion (+ monsters)
   525 | D:1      | Gained mutation: You have large cloven feet. [potion of
                  | mutation]
   525 | D:1      | Gained mutation: You have hoof-like feet. [potion of
                  | mutation]
   527 | D:1      | HP: 1/29 [jackal (2)]
   540 | D:1      | Reached skill level 1 in Unarmed Combat
   780 | D:1      | XOM: medium Fire miscast
   780 | D:1      | XOM: smoke on damage
  1004 | D:1      | XOM: cloud trail
  1400 | D:2      | XOM: stealth player
  1406 | D:2      | Reached skill level 1 in Stealth
  1408 | D:2      | XOM: mild Pois miscast
  1454 | D:2      | Mutation became permanent: You have large cloven feet.
                  | [demonic ancestry]
  1454 | D:2      | Gained mutation: You have hoof-like feet. [demonic
                  | ancestry]
  1454 | D:2      | Reached XP level 4. HP: 17/35 MP: 4/4
  1456 | D:2      | XOM: polymorph dart slug -> hobgoblin
  1490 | D:2      | Noticed Jessica
  1535 | D:2      | Killed Jessica
  1553 | D:2      | Noticed a big kobold
  1571 | D:2      | Noticed a bullfrog
  1574 | D:2      | XOM: divination: magic mapping
  1574 | D:2      | Slain by a bullfrog

Skill      XL: |  1  2  3 |
---------------+----------+-----
Long Blades    | 3 |  3.4
Dodging        | 1 |  1.5
Armour         | 2 |  2.2
Unarmed Combat | 1 |  1.3
Stealth        | 1 |  1.4
Fighting       | |  3.4

Action                   |  1- 3 |  4- 6 || total
-------------------------+-------+-------++-------
Melee: Falchion          |    65 |    17 ||    82
       Unarmed           |    65 |       ||    65
       Kick              |     5 |     2 ||     7
  Use: Scroll            |     1 |     2 ||     3
       Potion            |     1 |     1 ||     2
 Stab: Paralysed         |     9 |       ||     9
  Eat: Chunk             |     1 |       ||     1
       Ration            |       |     1 ||     1
Armor: Leather armour    |    69 |     8 ||    77
Dodge: Dodged            |   140 |    14 ||   154
Block: Other             |    11 |     1 ||    12
       Reflection        |     1 |       ||     1
       Rpst.: Falchion   |    20 |     7 ||    27
